 Dungeon Sprint DCSS version 0.20-a0-833-gc632bec (webtiles) character file.

34611 Kidiri the Eclecticist (level 12, -14/76 HPs)
             Began as a Deep Elf Fire Elementalist on Mar 7, 2017.
             Was the Champion of Vehumet.
             Killed by the air
             ... invoked by Gastronok
              (33 damage)
             ... in the Dungeon (Sprint III: "The Ten Rune Challenge").
             The game lasted 00:21:58 (4101 turns).

Kidiri the Eclecticist (Deep Elf Fire Elementalist) Turns: 4101, Time: 00:21:59

Health: -14/76     AC:  6    Str:  5    XL:     12   Next: 55%
Magic:  24/36      EV: 21    Int: 26    God:    Vehumet [******]
Gold:   29         SH:  0    Dex: 17    Spells: 1/47 levels left

rFire    . . .     SeeInvis .   s - +1 dagger (drain)
rCold    . . .     Gourm    .   k - +2 robe {MR+}
rNeg     . . .     Faith    .   (no shield)
rPois    .         Spirit   .   (no helmet)
rElec    .         Reflect  .   (no cloak)
rCorr    .         Harm     .   (no gloves)
MR       ++...     NoTele   +   (no boots)
Stlth    ++........             (no amulet)
Regen    0.3/turn               (no ring)
MPRegen  0.3/turn               (no ring)

@: no status effects
A: talons 1, iridescent scales 1, agile 1, blurry vision 1
}: 1/10 runes: serpentine
a: Renounce Religion


You were in the Dungeon.
You worshipped Vehumet.
Vehumet was exalted by your worship.
You were full.

You visited 1 branch You collected 29 gold pieces.

Inventory:

Hand Weapons
 s - a +1 dagger of draining (weapon)
Armour
 k - a +2 robe of magic resistance (worn)
Scrolls
 m - a scroll of immolation
 n - 4 scrolls of remove curse
 r - a scroll of torment
Potions
 f - a potion of haste
 g - 2 potions of magic
 h - a potion of berserk rage
 p - 2 potions of agility
 q - 2 potions of flight
Comestibles
 b - 23 royal jellies
 c - a bread ration


   Skills:
 + Level 9.3 Fighting
 + Level 10.1 Short Blades
 + Level 9.1 Armour
 - Level 12.4 Dodging
 - Level 2.4 Stealth
 * Level 18.2 Spellcasting
 + Level 11.6 Conjurations
 + Level 11.9 Fire Magic
 + Level 9.5 Air Magic
 + Level 9.7 Earth Magic
 + Level 10.3 Poison Magic


You had one spell level left.
You knew the following spells:

 Your Spells              Type           Power        Failure   Level  Hunger
a - Flame Tongue          Conj/Fire      #####        0%          1    None
b - Throw Flame           Conj/Fire      ######       1%          2    None
c - Conjure Flame         Conj/Fire      ######..     1%          3    None
d - Inner Flame           Hex/Fire       ######..     1%          3    None
e - Sticky Flame          Conj/Fire      ######..     1%          4    None
f - Fireball              Conj/Fire      ######....   1%          5    None
g - Mephitic Cloud        Conj/Pois/Air  ######..     1%          3    None
h - Sandblast             Erth           ######       1%          1    None
i - Ignite Poison         Fire/Tmut/Pois ######..     1%          3    None
j - Olgreb's Toxic Radia  Pois           ######..     1%          4    None
k - Venom Bolt            Conj/Pois      ######....   1%          5    None
l - Freezing Cloud        Conj/Ice/Air   ######....   4%          6    ###....
m - Bolt of Fire          Conj/Fire      ######....   1%          6    ###....


Dungeon Overview and Level Annotations

Branches:
Dungeon (1/1)

Altars:
Cheibriados
Dithmenos
Elyvilon
Fedhas
Gozag
Hepliaklqana
Kikubaaqudgha
Makhleb
Nemelex Xobeh
Okawaru
Qazlal
Ru
Sif Muna
Trog
Uskayaw
Vehumet
Wu Jian
Xom
Yredelemnul
Zin
The Shining One
Beogh
Jiyva
Lugonu

Shops:
D (%:

Annotations:
D exclusion: 2 doors, Gastronok


Innate Abilities, Weirdness & Mutations

You have sharp toenails.
You are partially covered in iridescent scales. (AC +2)
You are agile. (Dex +2)
Scrolls take you a little longer to read.


Message History

The dire elephant tramples you!!
* * * LOW HITPOINT WARNING * * *
You hold your ground!
The dire elephant barely misses you.
Gastronok is engulfed in freezing vapours.
Okay, then.
Okay, then.
The elephant looks even sicker.
The dire elephant looks even sicker.
The elephant is engulfed in freezing vapours.
You kill the elephant!
Vehumet accepts your kill.
You feel your power returning.
The dire elephant is engulfed in freezing vapours.
Unknown command.
The dire elephant looks even sicker.
Your toxic aura wanes.
Unknown command.
Gastronok is engulfed in freezing vapours.
Gastronok waves his eye-stalks in wide circles.
The air twists around and strikes you!
You die...

#..# #..#####....#___#__'
▓▓▓▓▓▓▓▓▓▓▓▓▓▓▓▓▓▓▓▓▓▓▓▓▓
▓...+≈≈≈≈≈≈≈≈≈♣♣.....♣♣♣♣
▓..P#≈.§§≈§≈≈≈♣♣.≈≈≈≈'♣♣'
▓.PP#..§≈§§§≈≈≈'.%...#.≈♣
▓.Y.#≈≈≈≈.§≈≈≈♣♣♣♣♣♣♣#..♣
..(#≈≈..§≈§≈≈♣ ♣♣♣♣###+
▓##w####+#######♣♣.♣.♣♣♣.
▓....Y.Y@...............#
▓#+#############+......##
.JJ#≈..................#
▓..J+≈≈...########......#
▓...#≈≈≈................#
▓...#≈≈≈≈................
#+#############+#########
#.......... #..........


You could see Gastronok and 2 dire elephants.

Vanquished Creatures
  Rupert (D)
  A nagaraja (D)
  Erolcha (D)
  A naga warrior (D)
  2 anacondas (D)
  4 death yaks (D)
  Urug (D)
  A lindwurm (D)
  A deep elf mage (D)
  An elephant (D)
  A guardian serpent (D)
  9 black mambas (D)
  2 spiny frogs (D)
  A rime drake (D)
  A komodo dragon (D)
  3 wandering mushrooms (D)
  A queen bee (D)
  2 tyrant leeches (D)
  8 blink frogs (D)
  5 redbacks (D)
  A shadow (D)
  A spatial vortex (D)
  2 nagas (D)
  3 water moccasins (D)
  A swamp drake (D)
  A necrophage (D)
  5 two-headed ogres (D)
  A water elemental (D)
  31 killer bees (D)
  A jelly (D)
  A wizard (D)
  Jessica (D)
  A necromancer (D)
  3 humans (D)
  A kobold demonologist (D)
  A wolf (D)
  3 adders (D)
  An ooze (D)
  2 rats (D)
  3 plants (D)
111 creatures vanquished.

Vanquished Creatures (others)
  2 draconian scorchers (D)
  A yaktaur (D)
  6 hellions (D)
  A killer bee (D)
  6 plants (D)
16 creatures vanquished.

Grand Total: 127 creatures vanquished

Notes
Turn   | Place    | Note
-------+----------+-------------------------------------------
     0 | D        | Kidiri the Deep Elf Fire Elementalist began the quest for the Orb.
     0 | D        | Reached XP level 1. HP: 10/10 MP: 6/6
    67 | D        | Reached skill level 1 in Fighting
    70 | D        | Noticed Jessica
    79 | D        | Killed Jessica
    79 | D        | Reached skill level 1 in Armour
    79 | D        | Reached skill level 5 in Spellcasting
    79 | D        | Reached XP level 2. HP: 17/17 MP: 2/10
    79 | D        | Reached XP level 3. HP: 21/21 MP: 2/11
    83 | D        | Learned a level 2 spell: Throw Flame
    87 | D        | Learned a level 3 spell: Conjure Flame
    91 | D        | Learned a level 3 spell: Inner Flame
    98 | D        | Killed a hellion
   105 | D        | Killed a hellion
   158 | D        | Killed a hellion
   185 | D        | Killed a hellion
   190 | D        | Killed a yaktaur
   201 | D        | Killed a hellion
   202 | D        | Killed a hellion
   212 | D        | Killed a white draconian scorcher
   224 | D        | Killed a white draconian scorcher
   255 | D        | Reached skill level 6 in Spellcasting
   276 | D        | Gained mutation: You are partially covered in iridescent scales. (AC +2) [potion of mutation]
   276 | D        | Gained mutation: You passively map a small area around you. [potion of mutation]
   276 | D        | Gained mutation: Your magical capacity is low. (-10% MP) [potion of mutation]
   276 | D        | Gained mutation: Your movements are slightly less encumbered by armour. (ER -2) [potion of mutation]
   277 | D        | Lost mutation: You passively map a small area around you. [potion of mutation]
   277 | D        | Lost mutation: Your magical capacity is low. (-10% MP) [potion of mutation]
   277 | D        | Lost mutation: Your movements are slightly less encumbered by armour. (ER -2) [potion of mutation]
   277 | D        | Gained mutation: You have large cloven feet. [potion of mutation]
   277 | D        | Gained mutation: Your magical capacity is low. (-10% MP) [potion of mutation]
   277 | D        | Gained mutation: Your muscles are strong. (Str +2) [potion of mutation]
   278 | D        | Lost mutation: Your magical capacity is low. (-10% MP) [potion of mutation]
   278 | D        | Lost mutation: Your muscles are strong. (Str +2) [potion of mutation]
   278 | D        | Lost mutation: You have large cloven feet. [potion of mutation]
   278 | D        | Gained mutation: You have sharp toenails. [potion of mutation]
   278 | D        | Gained mutation: Scrolls take you a little longer to read. [potion of mutation]
   278 | D        | Gained mutation: You are agile. (Dex +2) [potion of mutation]
   290 | D        | Noticed a water elemental
   292 | D        | Killed a water elemental
   292 | D        | Reached skill level 7 in Spellcasting
   292 | D        | Reached XP level 4. HP: 27/27 MP: 8/15
   299 | D        | Learned a level 4 spell: Sticky Flame
   343 | D        | Found a radiant altar of Vehumet.
   344 | D        | Found a deep blue altar of Sif Muna.
   344 | D        | Found an ancient bone altar of Kikubaaqudgha.
   344 | D        | Noticed a wizard
   347 | D        | Killed a wizard
   347 | D        | Reached skill level 5 in Dodging
   347 | D        | Reached skill level 5 in Fire Magic
   347 | D        | Reached XP level 5. HP: 27/32 MP: 11/17
   349 | D        | Reached skill level 8 in Spellcasting
   362 | D        | Became a worshipper of Vehumet
   369 | D        | Learned a level 5 spell: Fireball
   454 | D        | Found a glowing silver altar of Zin.
   455 | D        | Found a glowing golden altar of the Shining One.
   455 | D        | Found a white marble altar of Elyvilon.
   455 | D        | Noticed a deep elf mage
   465 | D        | Killed a deep elf mage
   465 | D        | Reached skill level 10 in Spellcasting
   465 | D        | Reached XP level 6. HP: 37/39 MP: 14/21
   465 | D        | Reached XP level 7. HP: 42/44 MP: 15/23
   470 | D        | Learned a level 3 spell: Mephitic Cloud
   509 | D        | Found a hide-covered altar of Uskayaw.
   509 | D        | Found a roughly hewn altar of Beogh.
   509 | D        | Found an iron altar of Okawaru.
   509 | D        | Found a bloodstained altar of Trog.
   509 | D        | Found an ornate altar of the Wu Jian Council.
   509 | D        | Noticed a human
   512 | D        | Noticed a human
   516 | D        | Killed a human
   516 | D        | Reached skill level 11 in Spellcasting
   516 | D        | Reached skill level 1 in Air Magic
   516 | D        | Reached skill level 1 in Poison Magic
   517 | D        | Killed a human
   517 | D        | Reached * piety under Vehumet
   517 | D        | Offered knowledge of Sandblast by Vehumet.
   517 | D        | Reached skill level 5 in Fighting
   517 | D        | Reached skill level 5 in Armour
   520 | D        | Learned a level 1 spell: Sandblast
   650 | D        | Found a basalt altar of Yredelemnul.
   650 | D        | Found a shadowy altar of Dithmenos.
   650 | D        | Found a sacrificial altar of Ru.
   713 | D        | Reached ** piety under Vehumet
   713 | D        | Offered knowledge of Sting by Vehumet.
   713 | D        | Reached XP level 8. HP: 49/49 MP: 21/25
   722 | D        | Reached skill level 1 in Earth Magic
   783 | D        | Found a blossoming altar of Fedhas.
   783 | D        | Found a stormy altar of Qazlal.
   783 | D        | Found a snail-covered altar of Cheibriados.
   783 | D        | Found a burning altar of Makhleb.
   783 | D        | Found a shimmering altar of Xom.
   784 | D        | Found a hazy altar of Hepliaklqana.
   784 | D        | Found an opulent altar of Gozag.
   784 | D        | Found a sparkling altar of Nemelex Xobeh.
   784 | D        | Found a corrupted altar of Lugonu.
   784 | D        | Found a viscous altar of Jiyva.
   800 | D        | Reached skill level 12 in Spellcasting
   888 | D        | Reached *** piety under Vehumet
   888 | D        | Reached skill level 5 in Short Blades
  1035 | D        | Offered knowledge of Ignite Poison by Vehumet.
  1040 | D        | Learned a level 3 spell: Ignite Poison
  1084 | D        | Noticed a two-headed ogre
  1091 | D        | Killed a two-headed ogre
  1091 | D        | Offered knowledge of Olgreb's Toxic Radiance by Vehumet.
  1152 | D        | Noticed a two-headed ogre
  1152 | D        | Noticed Erolcha
  1158 | D        | Killed Erolcha
  1158 | D        | Reached skill level 13 in Spellcasting
  1158 | D        | Reached XP level 9. HP: 55/55 MP: 18/28
  1159 | D        | Reached **** piety under Vehumet
  1159 | D        | Reached skill level 5 in Poison Magic
  1172 | D        | Killed a two-headed ogre
  1258 | D        | Learned a level 4 spell: Olgreb's Toxic Radiance
  1265 | D        | Offered knowledge of Venom Bolt by Vehumet.
  1283 | D        | Learned a level 5 spell: Venom Bolt
  1289 | D        | Noticed a queen bee
  1291 | D        | Reached ***** piety under Vehumet
  1291 | D        | Offered knowledge of Poison Arrow by Vehumet.
  1291 | D        | Reached skill level 5 in Air Magic
  1292 | D        | Reached skill level 5 in Earth Magic
  1292 | D        | Reached skill level 14 in Spellcasting
  1293 | D        | Reached ****** piety under Vehumet
  1294 | D        | Reached XP level 10. HP: 61/61 MP: 26/30
  1425 | D        | Offered knowledge of Iskenderun's Battlesphere by Vehumet.
  1425 | D        | Reached skill level 10 in Dodging
  1483 | D        | Noticed a spiny frog
  1483 | D        | Noticed a spiny frog
  1489 | D        | Killed a spiny frog
  1495 | D        | Killed a spiny frog
  1941 | D        | Reached skill level 15 in Spellcasting
  1945 | D        | Offered knowledge of Orb of Destruction by Vehumet.
  1981 | D        | Noticed a lindwurm
  2008 | D        | Killed a lindwurm
  2008 | D        | Reached skill level 10 in Fire Magic
  2177 | D        | Noticed Urug
  2189 | D        | Killed Urug
  2189 | D        | Reached XP level 11. HP: 36/67 MP: 11/32
  2379 | D        | Offered knowledge of Freezing Cloud by Vehumet.
  2431 | D        | Learned a level 6 spell: Freezing Cloud
  2556 | D        | Noticed Rupert
  2583 | D        | Killed Rupert
  2583 | D        | Reached skill level 16 in Spellcasting
  2583 | D        | Reached skill level 10 in Conjurations
  2710 | D        | Noticed a death yak
  2711 | D        | Noticed a death yak
  2713 | D        | Noticed a death yak
  2715 | D        | Noticed a death yak
  2717 | D        | Killed a death yak
  2718 | D        | Killed a death yak
  2718 | D        | Offered knowledge of Iron Shot by Vehumet.
  2720 | D        | Killed a death yak
  2749 | D        | Killed a death yak
  2895 | D        | Reached skill level 17 in Spellcasting
  2938 | D        | Noticed an azure jelly
  2938 | D        | Noticed an azure jelly
  3015 | D        | Offered knowledge of Conjure Ball Lightning by Vehumet.
  3017 | D        | Reached XP level 12. HP: 26/75 MP: 4/35
  3327 | D        | Noticed an anaconda
  3327 | D        | Noticed an anaconda
  3330 | D        | Killed an anaconda
  3330 | D        | Killed an anaconda
  3568 | D        | Offered knowledge of Bolt of Fire by Vehumet.
  3577 | D        | Learned a level 6 spell: Bolt of Fire
  3766 | D        | Noticed a naga warrior
  3766 | D        | Noticed a nagaraja
  3784 | D        | Killed a naga warrior
  3784 | D        | Reached skill level 10 in Poison Magic
  3785 | D        | Killed a nagaraja
  3785 | D        | Reached skill level 10 in Short Blades
  3785 | D        | Reached skill level 18 in Spellcasting
  3791 | D        | Found Taemokke's Antique Weapon Boutique.
  3791 | D        | Found Secyq's Food Emporium.
  3794 | D        | Found Dapt's Book Shop.
  3955 | D        | Got a serpentine rune of Zot
  4092 | D        | Noticed an azure jelly
  4092 | D        | Noticed an azure jelly
  4093 | D        | Noticed a dire elephant
  4093 | D        | Noticed a dire elephant
  4093 | D        | Noticed Gastronok
  4101 | D        | Killed from afar by Gastronok

Vault maps used:
D:        dungeon_sprint_mu

Skill      XL: |  1  2  3  4  5  6  7  8  9 10 11 12 |
---------------+-------------------------------------+-----
Fighting       | 1 2 3 4 5 6 7 8 9 |  9.3
Armour         | 1 2 3 4 5 6 7 8 9 |  9.1
Dodging        | 3 4 5 7 9 10 12 | 12.4
Spellcasting   | 5 7 10 11 13 14 15 17 18 | 18.2
Conjurations   | 2 3 4 6 7 8 9 10 11 | 11.6
Fire Magic     | 4 5 6 7 8 9 10 11 | 11.9
Short Blades   | 3 4 5 6 7 9 10 | 10.1
Air Magic      | 2 4 5 7 8 9 |  9.5
Poison Magic   | 2 4 6 7 9 10 | 10.3
Earth Magic    | 3 5 7 8 9 |  9.7
Stealth        | |  2.4

Action                   |  1- 3 |  4- 6 |  7- 9 | 10-12 || total
-------------------------+-------+-------+-------+-------++-------
Melee: Kick              |       |     1 |       |    30 ||    31
       Unarmed           |       |     1 |       |       ||     1
       Dagger            |       |     1 |       |    79 ||    80
 Cast: Flame Tongue      |    21 |     2 |    54 |    22 ||    99
       Conjure Flame     |     1 |       |     6 |     1 ||     8
       Throw Flame       |     1 |       |     1 |     1 ||     3
       Sticky Flame      |       |     3 |     8 |    10 ||    21
       Mephitic Cloud    |       |       |     7 |    11 ||    18
       Inner Flame       |       |       |     2 |       ||     2
       Ignite Poison     |       |       |     1 |    18 ||    19
       Olgreb's Toxic Ra |       |       |     2 |    14 ||    16
       Venom Bolt        |       |       |       |    32 ||    32
       Freezing Cloud    |       |       |       |     9 ||     9
       Fireball          |       |       |       |     5 ||     5
       Bolt of Fire      |       |       |       |     2 ||     2
  Use: Potion            |     3 |       |       |     3 ||     6
       Scroll            |     1 |     2 |       |     1 ||     4
 Stab: Sleeping          |       |     2 |       |       ||     2
       Confused          |       |       |       |     1 ||     1
  Eat: Chunk             |       |       |     1 |     3 ||     4
       Fruit             |       |       |       |     2 ||     2
       Royal jelly       |       |       |       |     5 ||     5
Armor: Robe              |     1 |       |     2 |     7 ||    10
Dodge: Dodged            |     5 |     2 |    17 |    71 ||    95
